 Dungeon Crawl Stone Soup version 0.27-b1-16-g6517624069 (webtiles) character file.

Game seed: 3360531009132320902

2055 ZARRMARR the Chopper (level 9, -2/74 HPs)
             Began as a Minotaur Gladiator on July 26, 2021.
             Was a Believer of Trog.
             Succumbed to a gnoll shaman's poison
             ... on level 6 of the Dungeon.
             The game lasted 00:59:17 (6309 turns).

ZARRMARR the Chopper (Minotaur Gladiator)           Turns: 6309, Time: 00:59:18

Health: -2/74      AC:  7    Str: 22    XL:     9   Next: 5%
Magic:  8/8        EV: 13    Int:  5    God:    Trog [**....]
Gold:   281        SH:  0    Dex: 12    Spells: 8/8 levels left

rFire    . . .     SeeInvis .   A - +4 quarterstaff (chaos)
rCold    . . .     Faith    .   (shield currently unavailable)
rNeg     . . .     Spirit   .   b - +0 leather armour
rPois    .         Reflect  .   c - +1 hat
rElec    .         Harm     .   B - +2 cloak
rCorr    .         Rampage  .   (no gloves)
Will     .....                  (no boots)
Stlth    +.........             (no amulet)
HPRegen  0.22/turn              (no ring)
MPRegen  0.11/turn              (no ring)

@: brilliant, lethally poisoned (-2 -> -11), on berserk cooldown, slowed, very
slow
A: horns 2, retaliatory headbutt
a: Renounce Religion, Berserk, Trog's Hand


You were on level 6 of the Dungeon.
You worshipped Trog.
Trog was pleased with you.
You visited 1 branch of the dungeon, and saw 6 of its levels.

You collected 281 gold pieces.

Inventory:

Hand Weapons
 d - a +4 flail of freezing
 w - a +0 shortbow
 z - a +0 hand crossbow
 A - a +4 quarterstaff of chaos (weapon)
Missiles
 f - 135 stones
 j - 4 boomerangs (quivered)
 t - 3 silver boomerangs
 x - 2 throwing nets
 y - 16 arrows
 C - 2 javelins
Armour
 b - a +0 leather armour (worn)
 c - a +1 hat (worn)
 B - a +2 cloak (worn)
Wands
 i - a wand of flame (13)
 s - a wand of polymorph (5)
 E - a wand of charming (10)
Scrolls
 h - 2 scrolls of teleportation
 m - 2 scrolls of identify
 n - a scroll of blinking {unknown}
 v - a scroll of fear
 D - a scroll of silence
Potions
 a - 2 potions of haste
 e - 2 potions of brilliance
 k - 3 potions of cancellation {unknown}
 l - 3 potions of curing
 o - a potion of mutation {unknown}
 p - a potion of might {unknown}
 q - a potion of heal wounds {unknown}
 r - a potion of lignification {unknown}
 u - a potion of degeneration {unknown}


   Skills:
 + Level 5.6 Fighting
 + Level 6.5(7.4) Axes
 + Level 4.8(6.9) Maces & Flails
 + Level 2.0(5.2) Polearms
 + Level 3.7(5.1) Staves
 + Level 6.1 Throwing
 + Level 4.9 Armour
 + Level 4.7 Dodging
 + Level 1.0 Stealth
 + Level 1.0 Evocations


You had 8 spell levels left.
You didn't know any spells.
Your spell library contained the following spells:

 Spells                   Type           Power      Damage    Failure   Level
 Magic Dart               Conj           0%         1d3       52%         1
 Searing Ray              Conj           0%         3d3       67%         2
 Cause Fear               Hex            0%         N/A       99%         4
 Fulminant Prism          Conj/Hex       0%         3d6       99%         4
 Dragon Form              Tmut           0%         N/A       100%        7
 Dragon's Call            Summ           0%         N/A       100%        9


Dungeon Overview and Level Annotations

Branches:
Dungeon (6/15)
 Temple: D:4-7

Altars:
Trog
Uskayaw
Wu Jian


Innate Abilities, Weirdness & Mutations

You have a pair of horns on your head.
You reflexively headbutt those who attack you in melee.


Message History

Trog accepts your kill.
* * * LOW HITPOINT WARNING * * *
You feel extremely sick. The centaur misses you.
The centaur kicks you but does no damage.
The centaur barely misses you. You furiously retaliate!
You headbutt the centaur!
You kill the centaur!
Trog accepts your kill.
You have reached level 9!
Your experience leads to an increase in your attributes!
Increase (S)trength, (I)ntelligence, or (D)exterity?
You feel stronger.
There is a lethal amount of poison in your body!
There is a lethal amount of poison in your body!
There is a lethal amount of poison in your body!
You are too berserk!
You are too berserk!
* * * LOW HITPOINT WARNING * * *
You feel very sick.
You feel a strong urge to attack something.
* * * LOW HITPOINT WARNING * * *
You feel very sick.
* * * LOW HITPOINT WARNING * * *
You feel very sick.
You feel your anger nearly subside.
You are no longer berserk.
You are exhausted.
You feel yourself slow down.
* * * LOW HITPOINT WARNING * * *
You feel sick.
As you read the scroll of identify, it crumbles to dust.
a - 2 potions of haste
* * * LOW HITPOINT WARNING * * *
You feel very sick.
It was a potion of brilliance.
You feel clever all of a sudden.
* * * LOW HITPOINT WARNING * * *
You feel very sick.
It was a potion of magic.
Magic courses through your body.
You die...

...............###..##....##.....
...............##....'....####...
...............##....##..##..##..
..............####..#####'....##.
#+##########.##..#'##)..##....##.
.......'.#....##.....##..##..
.......#.#....'.......##'##..
#####+##.##..##...8...##..##.
##.##@##.......+....#. #..##
#.##))##.....##....#. ....
#.#....##...##+#..##. ...<
#.#....+##### ####.. ....
#.##..## #.. #..###+# ####..####
#.. #..##..###......### ####..
#...............#.## ####.'...
#.....)..#......'..# #....#...


There were no monsters in sight!

Vanquished Creatures
  Prince Ribbit (D:5)
  A meliai zombie (D:5)
  Menkaure (D:5)
  A sky beast (D:6)
  An orc warrior (D:5)
  A black bear (D:4)
  A necrophage (D:4)
  2 centaurs (D:6)
  A phantom (D:4)
  A bullfrog (D:4)
  A scorpion (D:6)
  5 wights (D:5)
  A bullfrog zombie (D:6)
  A jelly (D:6)
  A centaur zombie (D:6)
  A gnoll shaman (D:6)
  An orc priest (D:4)
  Crazy Yiuf (D:5)
  2 iguanas (D:5)
  3 centaur skeletons
  2 orc wizards
  A killer bee zombie (D:5)
  A hound zombie (D:5)
  A hound skeleton (D:5)
  4 adders
  7 gnolls
  A shadow imp (D:6)
  An adder zombie (D:5)
  2 worms
  2 dart slugs
  9 orcs
  8 bats
  6 endoplasms
  A giant cockroach (D:3)
  6 goblins
  8 hobgoblins
  11 jackals
  3 quokkas
  8 ball pythons
  3 frilled lizards
  6 kobolds
  7 rats
126 creatures vanquished.

Notes
Turn   | Place    | Note
-------+----------+-------------------------------------------
     0 | D:1      | ZARRMARR the Minotaur Gladiator began the quest for the
                  | Orb.
     0 | D:1      | Reached XP level 1. HP: 18/18 MP: 0/0
   192 | D:1      | Reached XP level 2. HP: 20/25 MP: 1/1
   275 | D:1      | Found a faded altar of an unknown god.
   592 | D:1      | Reached XP level 3. HP: 30/30 MP: 2/2
  1349 | D:3      | Reached skill level 1 in Axes
  1349 | D:3      | Reached XP level 4. HP: 25/37 MP: 3/3
  1950 | D:3      | Found a bloodstained altar of Trog.
  1950 | D:3      | Found an ornate altar of the Wu Jian Council.
  1958 | D:3      | Became a worshipper of Trog the Wrathful
  2551 | D:4      | Reached skill level 1 in Armour
  2561 | D:4      | Reached XP level 5. HP: 20/44 MP: 4/4
  2938 | D:4      | Noticed a black bear
  2940 | D:4      | Killed a black bear
  3219 | D:4      | Reached XP level 6. HP: 47/51 MP: 5/5
  3450 | D:4      | Reached * piety under Trog
  3631 | D:4      | Reached XP level 7. HP: 49/57 MP: 6/6
  3703 | D:4      | Found a hide-covered altar of Uskayaw.
  3899 | D:5      | Entered Level 5 of the Dungeon
  4105 | D:5      | Noticed Menkaure
  4110 | D:5      | Killed Menkaure
  4123 | D:5      | Noticed Prince Ribbit
  4144 | D:5      | Killed Prince Ribbit
  4145 | D:5      | Reached skill level 5 in Axes
  4145 | D:5      | Reached skill level 5 in Throwing
  4767 | D:5      | Reached XP level 8. HP: 37/67 MP: 7/7
  4964 | D:5      | Found a runed translucent door.
  4965 | D:5      | Noticed Crazy Yiuf
  4975 | D:5      | Killed Crazy Yiuf
  5206 | D:5      | Reached skill level 1 in Polearms
  5217 | D:5      | Reached skill level 5 in Fighting
  5539 | D:5      | Reached skill level 1 in Staves
  5539 | D:5      | Reached skill level 1 in Evocations
  5827 | D:6      | Reached ** piety under Trog
  6074 | D:6      | Reached skill level 1 in Stealth
  6303 | D:6      | Reached XP level 9. HP: 30/74 MP: 8/8
  6308 | D:6      | HP: 1/74 [poisoned by a gnoll shaman]
  6309 | D:6      | Succumbed to a gnoll shaman's poison

Illustrated notes

Levels and vault maps discovered:
D:1:      psy_arrival_conway, layout_basic, shapermc_ecumenical_altar_acropolis
D:2:      layout_rooms
D:3:      layout_basic, gammafunk_temple_overflow_elements
D:4:      layout_loops_corners, eat_drink_and_be_merry_uskayaw
D:5:      layout_cave_pools, chequers_serial_rivers_room_a,
          chequers_serial_rivers_micro_e, hex_tiny, minmay_misc_feat_plants,
          uniq_menkaure, uniq_prince_ribbit1, uniq_crazy_yiuf_cottage
D:6:      minmay_bubble_buster, layout_gridville, grunt_decor_junction

Skill      XL: |  1  2  3  4  5  6  7  8 |
---------------+-------------------------+-----
Maces & Flails | 4 |  4.8
Axes           | 1 2 3 5 6 |  6.5
Armour         | 1 2 3 4 |  4.9
Throwing       | 3 4 5 6 |  6.1
Fighting       | 3 4 5 |  5.6
Dodging        | 4 |  4.7
Polearms       | 2 |  2.0
Staves         | 3 |  3.7
Evocations     | 1 |  1.0
Stealth        | 1 |  1.0

Action                   |  1- 3 |  4- 6 |  7- 9 || total
-------------------------+-------+-------+-------++-------
Melee: Flail             |    46 |       |       ||    46
       Headbutt          |     9 |     7 |    14 ||    30
       War axe           |    15 |    46 |    41 ||   102
       Spear             |       |       |     7 ||     7
       Quarterstaff      |       |       |    42 ||    42
Throw: Throwing net      |     9 |       |       ||     9
       Stone             |    43 |    23 |    31 ||    97
       Javelin           |    36 |    43 |    29 ||   108
       Boomerang         |       |     1 |    12 ||    13
Invok: Berserk           |       |     1 |     5 ||     6
Evoke: Wand              |       |       |     5 ||     5
  Use: Scroll            |     1 |     3 |     5 ||     9
       Potion            |       |       |     2 ||     2
Armor: Leather armour    |    26 |     9 |    29 ||    64
Dodge: Dodged            |    31 |    23 |    64 ||   118
